 Dungeon Crawl Stone Soup version 0.25.1-2-g60ff931df9 (webtiles) character file.

Game seed: 14252329933396637139

3173 gruber the Fighter (level 9, -4/85 HPs)
             Began as a Minotaur Fighter on Aug 18, 2020.
             Was a Believer of Makhleb.
             Slain by a two-headed ogre
             ... wielding a +0 dire flail
              (22 damage)
             ... on level 8 of the Dungeon.
             The game lasted 00:07:15 (7977 turns).

gruber the Fighter (Minotaur Fighter)               Turns: 7977, Time: 00:07:15

Health: -4/85      AC: 10    Str: 24    XL:     9   Next: 63%
Magic:  8/8        EV:  8    Int:  5    God:    Makhleb [**....]
Gold:   433        SH: 11    Dex: 10    Spells: 8/8 levels left

rFire    . . .     SeeInvis .   r - +2 hand axe (vamp)
rCold    . . .     Gourm    .   c - +0 kite shield
rNeg     . . .     Faith    +   b - +0 scale mail
rPois    .         Spirit   .   (helmet restricted)
rElec    .         Reflect  .   J - +0 cloak
rCorr    .         Harm     .   o - +0 pair of gloves
MR       .....                  (no boots)
Stlth    ..........             s - amulet of faith
HPRegen  0.24/turn              (no ring)
MPRegen  0.11/turn              (no ring)

@: lethally poisoned (-4 -> -5)
A: retaliatory headbutt, horns 2
a: Minor Destruction, Renounce Religion


You were on level 8 of the Dungeon.
You worshipped Makhleb.
Makhleb was pleased with you.
You were near starving.

You visited 2 branches of the dungeon, and saw 9 of its levels.

You collected 433 gold pieces.

Inventory:

Hand Weapons
 a - a +0 trident
 j - a +2 long sword of flaming
 r - a +2 vampiric hand axe (weapon)
Missiles
 D - 3 silver javelins (quivered)
Armour
 b - a +0 scale mail (worn)
 c - a +0 kite shield (worn)
 o - a +0 pair of gloves (worn)
 J - a +0 cloak (worn)
Jewellery
 s - an amulet of faith (around neck)
 t - an uncursed ring of fire
 A - a +4 ring of evasion {unknown}
 H - an uncursed amulet of the acrobat {unknown}
Wands
 w - a wand of flame (21)
 I - a wand of acid (6)
 K - a wand of paralysis (6)
Scrolls
 g - 2 scrolls of enchant weapon {unknown}
 h - 2 scrolls of random uselessness {unknown}
 i - 7 scrolls of identify
 k - 2 scrolls of fog
 n - 4 scrolls of remove curse
 q - a scroll of amnesia {unknown}
 y - 2 scrolls of immolation {unknown}
 B - a scroll of enchant armour {unknown}
 C - 3 scrolls of magic mapping {unknown}
 E - 2 scrolls of blinking {unknown}
Potions
 d - 4 potions of might
 e - a potion of mutation
 l - a potion of cancellation {unknown}
 m - 2 potions of lignification {unknown}
 p - 4 potions of brilliance {unknown}
 u - 4 potions of curing {unknown}
 v - a potion of ambrosia {unknown}
 x - 4 potions of heal wounds {unknown}
 z - a potion of berserk rage {unknown}
 F - a potion of invisibility
 G - a potion of flight {unknown}
Comestibles
 f - 18 rations


   Skills:
 - Level 10.1 Fighting
 - Level 5.5 Long Blades
 - Level 6.3(6.5) Axes
 - Level 2.4(4.7) Polearms
 - Level 8.0 Armour
 * Level 7.9 Shields


You had 8 spell levels left.
You didn't know any spells.
Your spell library contained the following spells:

 Spells                   Type           Power        Failure   Level  Hunger
 Magic Dart               Conj           #...         96%         1    ##.....
 Blink                    Tloc           N/A          99%         2    ###....
 Call Imp                 Summ           #.......     99%         2    ###....
 Slow                     Hex            #.......     99%         2    ###....
 Confusing Touch          Hex            #.......     100%        3    ####...
 Conjure Flame            Conj/Fire      #.......     100%        3    ####...
 Gell's Gravitas          Tloc           #.........   100%        3    ####...
 Mephitic Cloud           Conj/Pois/Air  #.......     100%        3    ####...
 Petrify                  Tmut/Erth      #.......     100%        4    #####..
 Metabolic Englaciation   Hex/Ice        #.........   100%        5    ######.
 Yara's Violent Unravell  Hex/Tmut       #.........   100%        5    ######.


Dungeon Overview and Level Annotations

Branches:
Dungeon (8/15)             Temple (1/1) D:6
   Lair: D:8-11

Altars:
Ashenzari
Dithmenos
Elyvilon
Fedhas
Gozag
Kikubaaqudgha
Makhleb
Nemelex Xobeh
Okawaru
Qazlal
Ru
Sif Muna
Trog
Vehumet
Xom
Zin
The Shining One

Shops:
D:4 [   D:6 %   D:7 [

Annotations:
D:4 2 transporters, funkygono's ghost, amateur DrCj
D:6 exclusion: statue


Innate Abilities, Weirdness & Mutations

You reflexively headbutt those who attack you in melee.
You have a pair of horns on your head.


Message History

The two-headed ogre is moderately wounded.
You feel sick.
You block the two-headed ogre's attack. x2
You hit the two-headed ogre. You headbutt the two-headed ogre.
The two-headed ogre is heavily wounded.
The two-headed ogre hits you with a +0 dire flail.
The two-headed ogre hits you with a +0 giant spiked club!
You slash the two-headed ogre!
You feel better.
The two-headed ogre is severely wounded.
You feel sick.
You closely miss the two-headed ogre.
Your headbutt misses the two-headed ogre.
The two-headed ogre is severely wounded.
The two-headed ogre hits you but does no damage.
The two-headed ogre hits you with a +0 giant spiked club!
* * * LOW HITPOINT WARNING * * *
You slash the two-headed ogre! You headbutt the two-headed ogre.
The two-headed ogre is almost dead.
You feel sick.
The two-headed ogre hits you with a +0 dire flail!!
You die...

#.# #.# # #######.# #
#.. ..#.# # #.###.#.# #
#.....#.## # #........#
#####.....#..#######+###
.............ZZO@.......
.......#....########.###
....##.#......#
.....#.###.##Z######
.#.........##Z†....#
.#...#.######.†###.#
.#####.# #.... .# #
##..... .. .......


You could see a two-headed ogre, a centaur skeleton and a centaur warrior
skeleton.

Vanquished Creatures
  2 hippogriffs
  Sigmund (D:3)
  A hungry ghost (D:8)
  Edmund (D:4)
  Menkaure (D:5)
  Duvessa (D:4)
  A sky beast (D:7)
  A phantom (D:4)
  A black bear (D:6)
  A necrophage (D:5)
  3 ogres
  A centaur (D:7)
  2 bullfrogs (D:6)
  3 scorpions
  Dowan (D:4)
  3 killer bees (D:8)
  2 howler monkeys
  A crimson imp (D:7)
  A bullfrog zombie (D:7)
  3 hounds
  An orc priest (D:4)
  2 centaur skeletons
  An orc wizard (D:5)
  A gnoll shaman (D:7)
  2 iguanas
  A bullfrog skeleton (D:7)
  10 worker ants
  A killer bee zombie (D:7)
  A hound skeleton (D:4)
  11 adders
  9 gnolls
  2 shadow imps
  An adder zombie (D:8)
  2 adder skeletons (D:4)
  4 dart slugs
  8 leopard geckos
  19 orcs
  8 bats
  10 giant cockroaches
  5 hobgoblins
  7 jackals
  A quokka (D:2)
  A ball python (D:4)
  6 frilled lizards
  11 goblins
  3 kobolds
  2 leopard gecko skeletons
  A quokka skeleton (D:6)
  A quokka zombie (D:6)
  10 rats
173 creatures vanquished.

Notes
Turn   | Place    | Note
-------+----------+-------------------------------------------
     0 | D:1      | gruber the Minotaur Fighter began the quest for the Orb.
     0 | D:1      | Reached XP level 1. HP: 19/19 MP: 0/0
    96 | D:1      | Reached skill level 4 in Fighting
   173 | D:1      | Reached XP level 2. HP: 28/28 MP: 1/1
   445 | D:1      | Reached skill level 5 in Fighting
   503 | D:1      | Reached XP level 3. HP: 17/36 MP: 2/2
  1026 | D:2      | Reached XP level 4. HP: 42/42 MP: 3/3
  1208 | D:2      | Reached skill level 5 in Armour
  1285 | D:2      | Found a blossoming altar of Fedhas.
  1601 | D:3      | You fall into a shaft and drop 3 floors!
  1666 | D:6      | Noticed an ogre
  1666 | D:6      | Noticed a black bear
  1681 | D:6      | Found Lukappurie's Food Boutique.
  1689 | D:6      | Killed a black bear
  1689 | D:6      | Reached XP level 5. HP: 37/48 MP: 4/4
  1696 | D:6      | Killed an ogre
  1696 | D:6      | Reached XP level 6. HP: 30/56 MP: 5/5
  2087 | D:6      | Found an iron altar of Okawaru.
  2196 | D:6      | Found a shimmering altar of Xom.
  2197 | D:6      | Found a shimmering altar of Xom.
  2197 | D:6      | Found a shimmering altar of Xom.
  2197 | D:6      | Found a shimmering altar of Xom.
  2198 | D:6      | Found a shimmering altar of Xom.
  2198 | D:6      | Found a shimmering altar of Xom.
  2198 | D:6      | Found a shimmering altar of Xom.
  2341 | D:6      | Found a staircase to the Ecumenical Temple.
  2352 | D:6      | Reached XP level 7. HP: 57/61 MP: 6/6
  2428 | D:6      | Found a radiant altar of Vehumet.
  2459 | Temple   | Entered the Ecumenical Temple
  2520 | Temple   | Became a worshipper of Makhleb the Destroyer
  2592 | D:5      | Entered Level 5 of the Dungeon
  2592 | D:5      | Noticed a hippogriff
  2604 | D:5      | Killed a hippogriff
  2604 | D:5      | Reached skill level 5 in Long Blades
  2832 | D:6      | Found a sparkling altar of Nemelex Xobeh.
  3161 | D:6      | Reached skill level 1 in Axes
  4002 | D:5      | Reached XP level 8. HP: 68/68 MP: 7/7
  4010 | D:5      | Reached skill level 5 in Axes
  4214 | D:5      | Noticed Menkaure
  4224 | D:5      | Killed Menkaure
  4420 | D:4      | Reached * piety under Makhleb
  4752 | D:4      | Reached skill level 6 in Fighting
  4800 | D:4      | Found Bunozieqaa's Antique Armour Shop.
  4837 | D:4      | Noticed Edmund
  4839 | D:4      | Reached skill level 7 in Fighting
  4850 | D:4      | Killed Edmund
  4874 | D:4      | Noticed funkygono's ghost (amateur DrCj)
  5112 | D:4      | Found a transporter.
  5125 | D:4      | Found a transporter.
  5188 | D:4      | Reached skill level 8 in Fighting
  5210 | D:4      | Found a sacrificial altar of Ru.
  5258 | D:4      | Noticed Duvessa
  5258 | D:4      | Noticed Dowan
  5266 | D:4      | Killed Dowan
  5275 | D:4      | Killed Duvessa
  5304 | D:4      | Reached skill level 9 in Fighting
  5727 | D:4      | Reached XP level 9. HP: 82/83 MP: 8/8
  5753 | D:3      | Noticed Sigmund
  5978 | D:3      | Killed Sigmund
  6272 | D:3      | Reached ** piety under Makhleb
  6432 | D:3      | Found a bloodstained altar of Trog.
  6533 | D:5      | Reached skill level 10 in Fighting
  6743 | D:7      | Found Padopa's Antique Armour Shop.
  7193 | D:7      | Reached skill level 5 in Shields
  7608 | D:7      | Found a shattered altar of Ashenzari.
  7950 | D:8      | Noticed a two-headed ogre
  7977 | D:8      | Slain by a two-headed ogre

Illustrated notes

Levels and vault maps discovered:
D:1:      wander_arrival_lonely_grave, layout_loops_ring, nrook_loot_triangle,
          minmay_split_cup_small
D:2:      layout_basic, fedhas_altar_3
D:3:      minmay_roachtagon, layout_rooms, bloody_trog, portal_sewer_entry_d,
          interstate_on_off, uniq_sigmund
D:4:      layout_loops_ring, nicolae_overflow_crystal_walls, serial_shops, shop,
          serial_bayou, serial_bayou_lagoon_a, serial_bayou_crossing,
          serial_bayou_pond_d, serial_bayou_pond_b, serial_bayou_shore_b,
          gammafunk_ghost_stat_death, uniq_edmund, uniq_duvessa
D:5:      layout_cave_pools, first_ration, uniq_menkaure
D:6:      minmay_chambers_of_fours, layout_layer_cave, kennysheep_little_box,
          kennysheep_mini_moat, vehumet_statue, minmay_temple_entry_offerings,
          serial_shops, shop, xom_redecorated
D:7:      layout_basic, ashenzari_altar_1, serial_shops, shop
D:8:      layout_basic, lemuel_crystal_altar, lemuel_doored_altar,
          grunt_temple_overflow_diamond, uniq_pikel, uniq_psyche, uniq_erica
Temple:   jpeg_temple_island

Skill      XL: |  1  2  3  4  5  6  7  8  9 |
---------------+----------------------------+-----
Fighting       | 4 5 9 10 | 10.1
Armour         | 4 6 7 8 |  8.0
Long Blades    | 3 5 |  5.5
Axes           | 4 6 |  6.3
Shields        | 7 |  7.9
Polearms       | |  2.4

Action                   |  1- 3 |  4- 6 |  7- 9 || total
-------------------------+-------+-------+-------++-------
Melee: Trident           |    90 |   119 |       ||   209
       Headbutt          |     8 |    24 |    82 ||   114
       Long sword        |       |    22 |    26 ||    48
       Hand axe          |       |       |   355 ||   355
Evoke: Wand              |       |       |     2 ||     2
  Use: Scroll            |       |       |     3 ||     3
  Eat: Chunk             |       |     5 |    17 ||    22
       Ration            |       |       |     1 ||     1
Armor: Scale mail        |    28 |    56 |   118 ||   202
Dodge: Dodged            |    16 |    36 |   100 ||   152
Block: Kite shield       |    34 |    67 |   211 ||   312
       Rpst.: Long sword |       |     2 |     4 ||     6
